 Dungeon Crawl Stone Soup version 0.27-a0-978-g2aa4ecdaef (webtiles) character file.

Game seed: 6197681312156536748

78 leviel the Bolt Thrower (level 4, -4/38 HPs)
             Began as a Minotaur Hunter on Apr 15, 2021.
             Slain by a gnoll sergeant
             ... wielding a +0 spear
              (12 damage)
             ... on level 2 of the Dungeon.
             The game lasted 00:02:52 (1407 turns).

leviel the Bolt Thrower (Minotaur Hunter)           Turns: 1407, Time: 00:02:53

Health: -4/38      AC:  3    Str: 17    XL:     4   Next: 15%
Magic:  3/3        EV: 12    Int:  8    God:
Gold:   52         SH:  0    Dex: 11    Spells: 3/3 levels left

rFire    . . .     SeeInvis .   a - +1 hand crossbow
rCold    . . .     Faith    .   (no shield)
rNeg     . . .     Spirit   .   c - +0 leather armour
rPois    .         Reflect  .   (helmet restricted)
rElec    .         Harm     .   (no cloak)
rCorr    .         Rampage  .   (no gloves)
Will     .....                  (no boots)
Stlth    +.........             (no amulet)
HPRegen  0.12/turn              (no ring)
MPRegen  0.08/turn              (no ring)

@: no status effects
A: horns 2, retaliatory headbutt
a: no special abilities


You were on level 2 of the Dungeon.
You visited 1 branch of the dungeon, and saw 2 of its levels.

You collected 52 gold pieces.

Inventory:

Hand Weapons
 a - a +1 hand crossbow (weapon)
 b - a +0 short sword
Missiles
 d - 7 bolts (quivered ammo)
Armour
 c - a +0 leather armour (worn)
Scrolls
 e - a scroll of fear {unknown}
 f - 2 scrolls of identify {unknown}
Potions
 g - a potion of might {unknown}


   Skills:
 + Level 3.3 Fighting
 + Level 5.7 Crossbows
 + Level 0.4 Armour
 + Level 2.2 Dodging
 + Level 0.7 Stealth


You had 3 spell levels left.
You didn't know any spells.
Your spell library was empty.

Dungeon Overview and Level Annotations

Branches:
Dungeon (2/15)

Altars:


Innate Abilities, Weirdness & Mutations

You have a pair of horns on your head.
You reflexively headbutt those who attack you in melee.


Message History

The frilled lizard bites you but does no damage.
Fire: 11 bolts
Press: ? - help, Q - select action Shift-Dir - straight line, f/p - kobold
Aim: a kobold, wielding a +0 whip and quivering stones (58% to hit)
You shoot a bolt. The bolt closely misses the kobold.
A gnoll sergeant opens the door.
The kobold barely misses you. You furiously retaliate!
You headbutt the kobold!
You kill the kobold!
The frilled lizard misses you.
A rat comes into view.
Fire: 10 bolts
Press: ? - help, Q - select action Shift-Dir - straight line, f - frilled lizard
Aim: a frilled lizard (48% to hit)
You shoot a bolt.
The bolt barely misses the frilled lizard.
The frilled lizard barely misses you.
Really attack while wielding your +1 hand crossbow? [Y]es or [N]o only, please.
Really attack while wielding your +1 hand crossbow? [Y]es or [N]o only, please.
Really attack while wielding your +1 hand crossbow?
Okay, then.
Fire: 9 bolts
Press: ? - help, Q - select action Shift-Dir - straight line, f/p - frilled lizard
Aim: a frilled lizard (48% to hit)
You shoot a bolt.
The bolt barely misses the frilled lizard.
The bolt hits the gnoll sergeant but does no damage.
The frilled lizard bites you but does no damage.
The rat closely misses you. You furiously retaliate!
You headbutt the rat.
The gnoll sergeant hits you from afar with a +0 spear!
* * * LOW HITPOINT WARNING * * *
Fire: 8 bolts
Press: ? - help, Q - select action Shift-Dir - straight line, f/p - frilled lizard
Aim: a frilled lizard (48% to hit)
You shoot a bolt. The bolt hits the frilled lizard!
You kill the frilled lizard!
The rat barely misses you.
The gnoll sergeant hits you from afar with a +0 spear!
You die...

###.... ...#...
.....#. ...... ###
.##.# ..# _..#.#.
#.# ....... #.#
..#.... #r#
....... #@#
...#... #(#
+...#.. #g#
....... #g#
##...## #.#
#.....## ####.#
...[...### ##.##.#
...###..)###g....#
..##(##.'....g...#


You could see a gnoll sergeant, a hobgoblin and a rat.

Vanquished Creatures
  3 adders (D:2)
  A shadow imp (D:2)
  A dart slug (D:1)
  4 ball pythons
  3 endoplasms
  3 goblins
  5 hobgoblins
  6 kobolds
  4 quokkas
  4 bats
  3 frilled lizards
  5 rats
42 creatures vanquished.

Notes
Turn   | Place    | Note
-------+----------+-------------------------------------------
     0 | D:1      | leviel the Minotaur Hunter began the quest for the Orb.
     0 | D:1      | Reached XP level 1. HP: 18/18 MP: 0/0
   417 | D:1      | Reached XP level 2. HP: 25/25 MP: 1/1
   522 | D:1      | Reached skill level 5 in Crossbows
   902 | D:1      | Reached XP level 3. HP: 30/30 MP: 2/2
  1302 | D:2      | Found a faded altar of an unknown god.
  1328 | D:2      | Noticed a gnoll sergeant
  1390 | D:2      | Reached XP level 4. HP: 19/38 MP: 3/3
  1407 | D:2      | Slain by a gnoll sergeant

Illustrated notes

Levels and vault maps discovered:
D:1:      elethiomel_arrival_infinity_welcomes_careful_drivers, layout_basic,
          minmay_hedge_maze, st_stairs_14, chequers_serial_rivers_small_a,
          hangedman_feature_mirror, roderic_lattice_a,
          minmay_misc_feat_nine_boxes
D:2:      minmay_skewed_foursquare, layout_loops_corners,
          hellmonk_ecumenical_altar_blasted, minmay_joined_circles

Skill      XL: |  1  2  3 |
---------------+----------+-----
Crossbows      | 5 |  5.7
Fighting       | 3 |  3.3
Armour         | |  0.4
Dodging        | |  2.2
Stealth        | |  0.7

Action                   |  1- 3 |  4- 6 || total
-------------------------+-------+-------++-------
 Fire: Hand crossbow     |    86 |     5 ||    91
Armor: Leather armour    |    14 |     2 ||    16
Dodge: Dodged            |    14 |     5 ||    19

Table legend: (Time is in decaauts)
 A = Elapsed time spent in this place.
 B = Non-inter-level travel time spent in this place.
 C = Inter-level travel time spent in this place.
 D = Time resting spent in this place.
 E = Time spent auto-exploring this place.
 F = Levels seen in this place.
 G = Mean time per level.
                   A        B        C        D        E       F      G
               +--------+--------+--------+--------+--------+-----+--------+
         Total |   1431 |   1405 |     26 |      0 |   1212 |   2 |  715.5 |
       Dungeon |   1431 |   1405 |     26 |      0 |   1212 |   2 |  715.5 |
               +--------+--------+--------+--------+--------+-----+--------+

Top non-repeatable levels by time:
     D:1: 1142 daAuts
     D:2: 289 daAuts
